TOP OF THE 1ST |
Georgia Bulldogs batting - Pitching for Georgia Tech Yellow Jackets : RHP Stephen Beairsto
|
Pitching: RHP Stephen Beairsto
|
|
Batting: LHB Sandro Márquez
|
0-0: Ball 1-0: Called Strike 1-1: Swinging Strike 1-2: Ball 2-2: Strikes out swinging
|
Batting: LHB Merrill Erickson
|
0-0: Ball 1-0: Swinging Strike 1-1: Ball 2-1: Ball 3-1: Called Strike 3-2: Base on Balls
|
Batting: RHB Juan Estrada
|
0-0: Ball 1-0: Ball 2-0: Foul Ball, location: 2F 2-1: Foul Ball, location: 2F 2-2: Ball 3-2: Base on Balls Merrill Erickson to second
|
Batting: LHB Mike White
|
0-0: Called Strike 0-1: Fielders Choice at 2nd, U4 (Groundball, 4) Merrill Erickson to third
|
Batting: RHB Michael Stevenson
|
0-0: 3-RUN HOME RUN (Flyball, 7D), Distance : 342 ft
|
Batting: SHB Jean-François St-Amant
|
0-0: Ball 1-0: Foul Ball, location: 2F 1-1: Foul Ball, location: 2F 1-2: SOLO HOME RUN (Flyball, 9D), Distance : 357 ft
|
Batting: RHB Chris Whittier
|
0-0: Swinging Strike 0-1: Ball 1-1: Called Strike 1-2: Strikes out swinging
|
Top of the 1st over - 4 run(s), 2 hit(s), 0 error(s), 0 left on base; Georgia 4 - Georgia Tech 0 |
BOTTOM OF THE 1ST |
Georgia Tech Yellow Jackets batting - Pitching for Georgia Bulldogs : LHP Brian Hodges
|
Pitching: LHP Brian Hodges
|
|
Batting: RHB Rickey Núñez
|
0-0: SINGLE (Line Drive, 89S)
|
Batting: RHB Bob Corrigan
|
0-0: Ball 1-0: Swinging Strike 1-1: Ball Wild Pitch! Rickey Núñez to second 2-1: Foul Ball, location: 2F 2-2: Foul Ball, location: 2F 2-2: DOUBLE (Line Drive, 7M) Rickey Núñez scores
|
Batting: RHB Joe Atkinson
|
0-0: SINGLE (Flyball, 78S) Bob Corrigan to third
|
Batting: RHB Bobby Hulsey
|
0-0: Ball 1-0: Ball 2-0: Called Strike 2-1: SINGLE (Flyball, 7S) Bob Corrigan scores Joe Atkinson to second
|
Batting: LHB Gary White
|
0-0: Called Strike 0-1: Swinging Strike 0-2: Ball 1-2: Ball 2-2: DOUBLE (Flyball, 8RXD) Joe Atkinson scores Bobby Hulsey to third
|
Batting: RHB Dave Bell
|
0-0: Ball 1-0: Fly out, F9 (Flyball, 9M) Runner from 3rd tags up, SCORES, throw made
|
Batting: RHB Xavier Silva
|
0-0: Called Strike 0-1: Swinging Strike 0-2: Foul Ball, location: 2F 0-2: Ball 1-2: Ball 2-2: Ground out 5-3 (Groundball, 56)
|
Batting: LHB Shawn Brown
|
0-0: Called Strike 0-1: TRIPLE (Line Drive, 89M) Gary White scores
|
Batting: SHB Stan Gómez
|
0-0: Ball 1-0: Called Strike 1-1: Ground out 4-3 (Groundball, 34)
|
Bottom of the 1st over - 5 run(s), 6 hit(s), 0 error(s), 1 left on base; Georgia 4 - Georgia Tech 5 |
TOP OF THE 2ND |
Georgia Bulldogs batting - Pitching for Georgia Tech Yellow Jackets : RHP Stephen Beairsto
|
Batting: RHB Mario Barker
|
0-0: Ball 1-0: Called Strike 1-1: Ball 2-1: Foul Ball, location: 2F 2-2: Ball 3-2: Foul Ball, location: 2F 3-2: Ground out 4-3 (Groundball, 4)
|
Batting: RHB Ángel Torres
|
0-0: Ball 1-0: Swinging Strike 1-1: Foul Ball, location: 2F 1-2: Fly out, F8 (Flyball, 8LM)
|
Batting: LHB Sandro Márquez
|
0-0: Ball 1-0: Ball 2-0: Called Strike 2-1: Swinging Strike 2-2: Strikes out looking
|
Top of the 2nd over - 0 run(s), 0 hit(s), 0 error(s), 0 left on base; Georgia 4 - Georgia Tech 5 |
BOTTOM OF THE 2ND |
Georgia Tech Yellow Jackets batting - Pitching for Georgia Bulldogs : LHP Brian Hodges
|
Batting: RHB Rickey Núñez
|
0-0: Ball 1-0: Ball 2-0: Foul Ball, location: 2F 2-1: Foul Ball, location: 2F 2-2: Ball 3-2: Foul Ball, location: 2F 3-2: Fly out, F4 (Line Drive, 4MD)
|
Batting: RHB Bob Corrigan
|
0-0: Ball 1-0: Ground out 6-3 (Groundball, 6M)
|
Batting: RHB Joe Atkinson
|
0-0: Fly out, F7 (Flyball, 78M)
|
Bottom of the 2nd over - 0 run(s), 0 hit(s), 0 error(s), 0 left on base; Georgia 4 - Georgia Tech 5 |
TOP OF THE 3RD |
Georgia Bulldogs batting - Pitching for Georgia Tech Yellow Jackets : RHP Stephen Beairsto
|
Batting: LHB Merrill Erickson
|
0-0: Ground out 3-1 (Groundball, 34)
|
Batting: RHB Juan Estrada
|
0-0: Ball 1-0: Swinging Strike 1-1: Ball 2-1: Foul Ball, location: 2F 2-2: Fly out, F8 (Flyball, 8LM)
|
Batting: LHB Mike White
|
0-0: Ball 1-0: Foul Ball, location: 2F 1-1: Ball 2-1: SINGLE (Line Drive, 56D)
|
Batting: RHB Michael Stevenson
|
0-0: Ball 1-0: Called Strike 1-1: Foul Ball, location: 2F 1-2: Ball 2-2: Foul Ball, location: 2F 2-2: Strikes out looking
|
Top of the 3rd over - 0 run(s), 1 hit(s), 0 error(s), 1 left on base; Georgia 4 - Georgia Tech 5 |
BOTTOM OF THE 3RD |
Georgia Tech Yellow Jackets batting - Pitching for Georgia Bulldogs : LHP Brian Hodges
|
Batting: RHB Bobby Hulsey
|
0-0: Ball 1-0: Called Strike 1-1: Ball 2-1: Ball 3-1: Called Strike 3-2: Base on Balls
|
Batting: LHB Gary White
|
0-0: Foul Ball, location: 2F 0-1: SINGLE (Line Drive, 7LS) Bobby Hulsey to second
|
Batting: RHB Dave Bell
|
0-0: Called Strike 0-1: Fly out, F6 (Popup, 6)
|
Batting: RHB Xavier Silva
|
0-0: Foul Ball, location: 2F 0-1: Foul Ball, location: 2F 0-2: Strikes out swinging
|
Batting: LHB Shawn Brown
|
0-0: Fly out, F7 (Flyball, 7M)
|
Bottom of the 3rd over - 0 run(s), 1 hit(s), 0 error(s), 2 left on base; Georgia 4 - Georgia Tech 5 |
TOP OF THE 4TH |
Georgia Bulldogs batting - Pitching for Georgia Tech Yellow Jackets : RHP Stephen Beairsto
|
Batting: SHB Jean-François St-Amant
|
0-0: Swinging Strike 0-1: Ball 1-1: Ground out 4-3 (Groundball, 4)
|
Batting: RHB Chris Whittier
|
0-0: Ball 1-0: Ground out 5-3 (Groundball, 56)
|
Batting: RHB Mario Barker
|
0-0: Swinging Strike 0-1: Ball 1-1: Swinging Strike 1-2: Foul Ball, location: 2F 1-2: Foul Ball, location: 2F 1-2: Strikes out swinging
|
Top of the 4th over - 0 run(s), 0 hit(s), 0 error(s), 0 left on base; Georgia 4 - Georgia Tech 5 |
BOTTOM OF THE 4TH |
Georgia Tech Yellow Jackets batting - Pitching for Georgia Bulldogs : LHP Brian Hodges
|
Batting: SHB Stan Gómez
|
0-0: SINGLE (Flyball, 8LS)
|
Batting: RHB Rickey Núñez
|
0-0: Ball 1-0: Ball 2-0: DOUBLE (Line Drive, 7LM) Stan Gómez to third
|
Batting: RHB Bob Corrigan
|
0-0: Called Strike 0-1: Foul Ball, location: 2F 0-2: Foul Ball, location: 2F 0-2: Ball 1-2: Ball 2-2: Ball 3-2: Base on Balls
|
Batting: RHB Joe Atkinson
|
0-0: Ball 1-0: SINGLE (Flyball, 7LM) Stan Gómez scores Rickey Núñez to third Bob Corrigan to second Runner from 3rd tries for Home, SAFE, no throw or cutoff
|
Pitching: RHP Leo Watts
|
|
Batting: RHB Bobby Hulsey
|
0-0: Ball 1-0: SINGLE (Line Drive, 89S) Bob Corrigan to third Joe Atkinson to second Runner from 3rd tries for Home, throw and OUT!
|
Batting: LHB Gary White
|
0-0: Swinging Strike 0-1: Ball 1-1: Ball 2-1: Called Strike 2-2: Foul Ball, location: 2F 2-2: Ball 3-2: Fielders Choice at 2nd, 3-6 (Groundball, 3) Joe Atkinson to third
|
Batting: RHB Dave Bell
|
0-0: Called Strike 0-1: Ball 1-1: Foul Ball, location: 2F 1-2: SINGLE (Popup, 5D) Joe Atkinson scores Gary White to second
|
Batting: RHB Xavier Silva
|
0-0: Ball 1-0: Ball 2-0: Called Strike 2-1: Fielders Choice at 2nd, 6-4 (Groundball, 6)
|
Bottom of the 4th over - 3 run(s), 5 hit(s), 0 error(s), 1 left on base; Georgia 4 - Georgia Tech 8 |
TOP OF THE 5TH |
Georgia Bulldogs batting - Pitching for Georgia Tech Yellow Jackets : RHP Stephen Beairsto
|
Batting: RHB Ángel Torres
|
0-0: Ball 1-0: Called Strike 1-1: Ground out 4-3 (Groundball, 13)
|
Batting: LHB Sandro Márquez
|
0-0: Foul Ball, location: 2F 0-1: Ball 1-1: Foul Ball, location: 2F 1-2: SINGLE (Line Drive, 4MD)
|
Batting: LHB Merrill Erickson
|
0-0: Ball 1-0: Called Strike 1-1: Foul Ball, location: 2F 1-2: Fly out, F9 (Flyball, 89M)
|
Pitching: RHP Armando Maldonado
|
|
Batting: RHB Juan Estrada
|
0-0: Ball Passed Ball! Sandro Márquez to second 1-0: Ground out 6-3 (Groundball, 6)
|
Top of the 5th over - 0 run(s), 1 hit(s), 0 error(s), 1 left on base; Georgia 4 - Georgia Tech 8 |
BOTTOM OF THE 5TH |
Georgia Tech Yellow Jackets batting - Pitching for Georgia Bulldogs : RHP Leo Watts
|
Batting: LHB Shawn Brown
|
0-0: Called Strike 0-1: Ball 1-1: Ball 2-1: Ball 3-1: Foul Ball, location: 2F 3-2: Foul Ball, location: 2F 3-2: SINGLE (Groundball, 6MD)
|
Batting: SHB Stan Gómez
|
0-0: Ball 1-0: Ball 2-0: SINGLE (Groundball, 34D) Shawn Brown to second Runner from 2nd tries for 3rd, SAFE, throw made to third Stan Gómez to second
|
Batting: RHB Rickey Núñez
|
0-0: Ball 1-0: Swinging Strike 1-1: Ball 2-1: Foul Ball, location: 2F 2-2: Reached on error, E6 (Groundball, 6) Shawn Brown scores Stan Gómez to third
|
Batting: RHB Bob Corrigan
|
0-0: Foul Ball, location: 2F 0-1: Ball 1-1: Ground out 3-1 (Groundball, 34) Stan Gómez scores Rickey Núñez to second
|
Batting: RHB Joe Atkinson
|
0-0: Ball 1-0: Called Strike 1-1: Foul Ball, location: 2F 1-2: Strikes out swinging
|
Batting: RHB Bobby Hulsey
|
0-0: Swinging Strike 0-1: Swinging Strike 0-2: Strikes out swinging
|
Bottom of the 5th over - 2 run(s), 2 hit(s), 1 error(s), 1 left on base; Georgia 4 - Georgia Tech 10 |
TOP OF THE 6TH |
Georgia Bulldogs batting - Pitching for Georgia Tech Yellow Jackets : RHP Armando Maldonado
|
Batting: LHB Mike White
|
0-0: Fly out, F7 (Flyball, 7M)
|
Batting: RHB Michael Stevenson
|
0-0: Ball 1-0: Ground out 4-3 (Groundball, 4)
|
Batting: SHB Jean-François St-Amant
|
0-0: Ball 1-0: Ball 2-0: Foul Ball, location: 2F 2-1: Ball 3-1: Swinging Strike 3-2: Foul Ball, location: 2F 3-2: Base on Balls
|
Batting: RHB Chris Whittier
|
0-0: Ball 1-0: Called Strike 1-1: 2-RUN HOME RUN (Line Drive, 7D), Distance : 374 ft
|
Batting: RHB Mario Barker
|
0-0: Ball 1-0: Ball 2-0: Ball 3-0: Base on Balls
|
Batting: RHB Ángel Torres
|
0-0: Ball 1-0: Ball 2-0: Ball 3-0: Base on Balls Mario Barker to second
|
Batting: LHB Sandro Márquez
|
0-0: Swinging Strike 0-1: Called Strike 0-2: Strikes out swinging
|
Top of the 6th over - 2 run(s), 1 hit(s), 0 error(s), 2 left on base; Georgia 6 - Georgia Tech 10 |
BOTTOM OF THE 6TH |
Georgia Tech Yellow Jackets batting - Pitching for Georgia Bulldogs : RHP Leo Watts
|
Batting: LHB Gary White
|
0-0: Ball 1-0: Swinging Strike 1-1: Ball 2-1: Reached on error, E6 (Groundball, 6)
|
Batting: RHB Dave Bell
|
0-0: Ball Gary White steals 2nd base 1-0: Intentional Walk
|
Batting: RHB Xavier Silva
|
0-0: Swinging Strike 0-1: Grounds into double play, 5-4-3 (Groundball, 5) Gary White to third
|
Pitching: LHP George Bolden
|
|
Batting: LHB Shawn Brown
|
0-0: Called Strike 0-1: Ball 1-1: Fly out, F8 (Flyball, 8LM)
|
Bottom of the 6th over - 0 run(s), 0 hit(s), 1 error(s), 1 left on base; Georgia 6 - Georgia Tech 10 |
TOP OF THE 7TH |
Georgia Bulldogs batting - Pitching for Georgia Tech Yellow Jackets : RHP Armando Maldonado
|
Batting: LHB Merrill Erickson
|
0-0: Ball 1-0: Called Strike 1-1: Ball 2-1: Called Strike 2-2: Ground out 4-3 (Groundball, 4M)
|
Batting: RHB Juan Estrada
|
0-0: Swinging Strike 0-1: Called Strike 0-2: SINGLE (Flyball, 8LS)
|
Batting: LHB Mike White
|
0-0: Called Strike 0-1: Foul Ball, location: 2F 0-2: Fly out, F8 (Flyball, 78M)
|
Batting: RHB Michael Stevenson
|
0-0: Ball 1-0: Ball 2-0: Ball 3-0: Called Strike 3-1: SINGLE (Groundball, 34D) Juan Estrada to second Runner from 2nd tries for 3rd, SAFE, no throw or cutoff
|
Batting: SHB Jean-François St-Amant
|
0-0: Called Strike 0-1: Ball 1-1: Ball 2-1: Ball 3-1: Base on Balls Michael Stevenson to second
|
Batting: RHB Chris Whittier
|
0-0: Foul Ball, location: 2F 0-1: Ball 1-1: Ball 2-1: SINGLE (Flyball, 8RS) Juan Estrada scores Michael Stevenson to third Jean-François St-Amant to second Runner from 3rd tries for Home, SAFE, no throw or cutoff
|
Pitching: RHP Michael MacDonald
|
|
Pinch Runner at 2nd Juan Cruz:
|
|
Pinch Hitting: SHB Nate Harrington
|
0-0: DOUBLE (Flyball, 9M) Juan Cruz scores Chris Whittier to third Runner from 3rd tries for Home, SAFE, no throw or cutoff
|
Batting: RHB Ángel Torres
|
0-0: Ball 1-0: Called Strike 1-1: Swinging Strike 1-2: Strikes out looking
|
Top of the 7th over - 4 run(s), 4 hit(s), 0 error(s), 1 left on base; Georgia 10 - Georgia Tech 10 |
BOTTOM OF THE 7TH |
Georgia Tech Yellow Jackets batting - Pitching for Georgia Bulldogs : LHP George Bolden
|
Now at 2B: Artie Connor
|
|
Pinch Hitting: RHB Julián Espinoza
|
0-0: Ball 1-0: Fly out, F9 (Flyball, 89M)
|
Batting: RHB Rickey Núñez
|
0-0: Called Strike 0-1: Swinging Strike 0-2: Ball 1-2: Foul Ball, location: 2F 1-2: Ball 2-2: Fly out, F5 (Line Drive, 56)
|
Batting: RHB Bob Corrigan
|
0-0: Ball 1-0: Ball 2-0: Called Strike 2-1: Ball 3-1: Foul Ball, location: 2F 3-2: SINGLE (Flyball, 89S)
|
Batting: RHB Joe Atkinson
|
0-0: Ball 1-0: Ball 2-0: SINGLE (Flyball, 7LM) Bob Corrigan to second Runner from 2nd tries for 3rd, SAFE, no throw or cutoff
|
Batting: RHB Bobby Hulsey
|
0-0: Ball 1-0: Ball 2-0: Called Strike 2-1: Ball 3-1: Base on Balls Joe Atkinson to second
|
Batting: LHB Gary White
|
0-0: Swinging Strike 0-1: Ball 1-1: Ball 2-1: Ball 3-1: Fly out, F8 (Flyball, 8LM)
|
Bottom of the 7th over - 0 run(s), 2 hit(s), 0 error(s), 3 left on base; Georgia 10 - Georgia Tech 10 |
TOP OF THE 8TH |
Georgia Bulldogs batting - Pitching for Georgia Tech Yellow Jackets : RHP Michael MacDonald
|
Now at SS: Julián Espinoza
|
|
Batting: LHB Sandro Márquez
|
0-0: Ball 1-0: Called Strike 1-1: SINGLE (Flyball, 9LS)
|
Batting: LHB Merrill Erickson
|
0-0: Ball 1-0: Called Strike 1-1: Fly out, F6 (Popup, 6D)
|
Batting: RHB Juan Estrada
|
0-0: Ball 1-0: Ball 2-0: Foul Ball, location: 2F 2-1: Called Strike Sandro Márquez is caught stealing 2nd base 2-2: Strikes out swinging
|
Top of the 8th over - 0 run(s), 1 hit(s), 0 error(s), 0 left on base; Georgia 10 - Georgia Tech 10 |
BOTTOM OF THE 8TH |
Georgia Tech Yellow Jackets batting - Pitching for Georgia Bulldogs : LHP George Bolden
|
Batting: RHB Dave Bell
|
0-0: Called Strike 0-1: Ball 1-1: Ball 2-1: Fly out, F9 (Flyball, 89S)
|
Batting: RHB Xavier Silva
|
0-0: Ball 1-0: SOLO HOME RUN (Flyball, 7LD), Distance : 336 ft
|
Batting: LHB Shawn Brown
|
0-0: Ball 1-0: Ball 2-0: SINGLE (Groundball, 25) (infield hit)
|
Batting: RHB Julián Espinoza
|
0-0: Ball Shawn Brown steals 2nd base 1-0: Foul Ball, location: 2F 1-1: Called Strike Shawn Brown is caught stealing 3rd base 1-2: Ground out 5-3 (Groundball, 5)
|
Bottom of the 8th over - 1 run(s), 2 hit(s), 0 error(s), 0 left on base; Georgia 10 - Georgia Tech 11 |
TOP OF THE 9TH |
Georgia Bulldogs batting - Pitching for Georgia Tech Yellow Jackets : RHP Michael MacDonald
|
Pitching: RHP Ray Lee
|
|
Batting: LHB Mike White
|
0-0: Ball 1-0: Ground out 6-3 (Groundball, 6M)
|
Batting: RHB Michael Stevenson
|
0-0: Called Strike 0-1: Ball 1-1: Ball 2-1: Foul Ball, location: 2F 2-2: Ball 3-2: Foul Ball, location: 2F 3-2: Foul Ball, location: 2F 3-2: Base on Balls
|
Batting: RHB Juan Cruz
|
0-0: Called Strike 0-1: Fly out, F5 (Line Drive, 5)
|
Batting: RHB Chris Whittier
|
0-0: Foul Ball, location: 2F 0-1: Foul Ball, location: 2F 0-2: Strikes out swinging
|
Top of the 9th over - 0 run(s), 0 hit(s), 0 error(s), 1 left on base; Georgia 10 - Georgia Tech 11 |
|